 Dungeon Crawl Stone Soup version 0.26.1-2-gb8aa6d0cf2 (webtiles) character file.

Game seed: 11792039700639147095

136 Ladykiller69 the Skirmisher (level 5, -2/55 HPs)
             Began as an Ogre Hunter on Mar 15, 2021.
             Slain by a gnoll
             ... wielding a cursed -2 spear
              (10 damage)
             ... on level 3 of the Dungeon.
             The game lasted 00:08:20 (3491 turns).

Ladykiller69 the Skirmisher (Ogre Hunter)           Turns: 3491, Time: 00:08:22

Health: -2/55      AC:  3    Str: 16    XL:     5   Next: 19%
Magic:  5/5        EV: 10    Int: 12    God:
Gold:   91         SH:  0    Dex: 10    Spells: 4/4 levels left

rFire    . . .     SeeInvis .   o - +0 whip
rCold    . . .     Faith    .   (no shield)
rNeg     . . .     Spirit   .   b - +0 robe
rPois    .         Reflect  .   (helmet restricted)
rElec    .         Harm     .   (no cloak)
rCorr    .         Rampage  .   (gloves unavailable)
Will     .....                  (boots unavailable)
Stlth    +.........             (no amulet)
HPRegen  0.18/turn              (no ring)
MPRegen  0.09/turn              (no ring)

@: no status effects
A: large, unfitting armour, tough skin 1
a: no special abilities


You were on level 3 of the Dungeon.
You visited 1 branch of the dungeon, and saw 3 of its levels.

You collected 91 gold pieces.

Inventory:

Hand Weapons
 l - a +0 club
 o - a +0 whip (weapon)
Missiles
 c - 7 large rocks (quivered)
 j - 145 stones
 k - 3 boomerangs
 r - a throwing net
Armour
 b - a +0 robe (worn)
Jewellery
 e - an uncursed ring of wizardry {unknown}
 n - a cursed ring of protection from fire {unknown}
Scrolls
 a - a scroll of random uselessness {unknown}
 f - 3 scrolls of remove curse {unknown}
 g - 3 scrolls of teleportation {unknown}
 h - 2 scrolls of blinking {unknown}
 i - a scroll of fear {unknown}
 s - a scroll of identify {unknown}
Potions
 d - a potion of degeneration {unknown}
 m - 2 potions of heal wounds {unknown}
 p - a potion of mutation {unknown}
 q - a potion of attraction {unknown}


   Skills:
 + Level 4.4 Fighting
 * Level 3.3 Maces & Flails
 - Level 4.0 Throwing
 - Level 2.0 Dodging
 - Level 0.6 Stealth


You had 4 spell levels left.
You didn't know any spells.
Your spell library was empty.

Dungeon Overview and Level Annotations

Branches:
Dungeon (3/15)

Altars:


Innate Abilities, Weirdness & Mutations

You are too large for most types of armour.
You have tough skin. (AC +1)


Message History

You hit the gnoll.
The gnoll is moderately wounded.
The gnoll barely misses you. The gnoll misses you.
Throw: 9 large rocks
Press: ? - help, Q - select action, (/) - cycle Shift-Dir - straight line, f - gnoll
Aim: a gnoll, wielding a +0 spear (moderately wounded, 64% to hit)
You throw a large rock. The large rock hits the gnoll!
The gnoll is almost dead.
The gnoll hits you from afar with a cursed -2 spear.
* * * LOW HITPOINT WARNING * * *
The gnoll hits you with a +0 spear.
* * * LOW HITPOINT WARNING * * *
The gnoll closely misses you. The gnoll completely misses you.
Throw: 8 large rocks
Press: ? - help, Q - select action, (/) - cycle Shift-Dir - straight line, f/p - gnoll
Aim: a gnoll, wielding a +0 spear (almost dead, 64% to hit)
You throw a large rock. The large rock hits the gnoll!
You kill the gnoll!
The gnoll hits you from afar with a cursed -2 spear!
You die...

# #.....)....##...
#.###..##....##...
..#...##....##.<.
#.#.#.##....##...
#.#.#.##....##...
######.#.#.##....#####
#....#.#.#.......# ##
####...<#.#g####..######.
........@.#g# ##.###....
###.(....)#.# #.....###
##.....g..# #..####
########## ####


You could see a gnoll.

Vanquished Creatures
  Terence (D:2)
  Robin (D:2)
  3 gnolls (D:3)
  2 adders (D:2)
  A worm (D:2)
  3 dart slugs
  A leopard gecko (D:2)
  2 bats
  3 giant cockroaches
  19 goblins
  4 hobgoblins
  A frilled lizard (D:2)
  5 kobolds
  8 rats
54 creatures vanquished.

Notes
Turn   | Place    | Note
-------+----------+-------------------------------------------
     0 | D:1      | Ladykiller69 the Ogre Hunter began the quest for the Orb.
     0 | D:1      | Reached XP level 1. HP: 22/22 MP: 1/1
   199 | D:1      | Reached XP level 2. HP: 22/31 MP: 2/2
   283 | D:1      | You fall into a shaft and drop 1 floor!
   309 | D:2      | Reached skill level 1 in Maces & Flails
   730 | D:2      | Identified the +4 helmet of the Pit {Harm rC+ rCorr Str-4}
   730 | D:2      | Noticed Robin
   819 | D:2      | Reached XP level 3. HP: 24/37 MP: 3/3
  1125 | D:2      | Killed Robin
  1648 | D:1      | Reached XP level 4. HP: 48/48 MP: 4/4
  3015 | D:2      | Noticed Terence
  3056 | D:2      | Killed Terence
  3363 | D:3      | Reached XP level 5. HP: 54/54 MP: 5/5
  3491 | D:3      | Slain by a gnoll

Illustrated notes

Levels and vault maps discovered:
D:1:      dpeg_arrival_shelter, layout_basic
D:2:      layout_loops_corners, uniq_terence, uniq_robin
D:3:      layout_rooms, nicolae_gozag_seed_capital, serial_co_window_serial,
          co_window_paths_a, co_window_of_opportunity_a,
          co_window_of_opportunity_a, co_window_corner_a,
          co_window_of_opportunity_a, co_window_corner_b, co_window_2corner,
          co_window_broadway_a, co_window_unsneaky_path_d, co_window_corner_b,
          glass_columns_a

Skill      XL: |  1  2  3  4 |
---------------+-------------+-----
Fighting       | 3 4 |  4.4
Dodging        | 2 |  2.0
Maces & Flails | 1 2 3 |  3.3
Throwing       | |  4.0
Stealth        | |  0.6

Action                   |  1- 3 |  4- 6 || total
-------------------------+-------+-------++-------
Melee: Short sword       |    65 |       ||    65
       Club              |    59 |    67 ||   126
       Whip              |       |    55 ||    55
Throw: Large rock        |     6 |     4 ||    10
       Boomerang         |     5 |    19 ||    24
       Stone             |       |     6 ||     6
       Throwing net      |       |     2 ||     2
 Stab: Sleeping          |     1 |       ||     1
Armor: Robe              |    31 |    35 ||    66
Dodge: Dodged            |    72 |    76 ||   148
